 Dungeon Crawl Stone Soup version 0.30-a0-956-gcec3b41aec (webtiles) character file.

Game seed: 17395795955546824840

237186 roninjake the Executioner (level 18, -6/182 (184) HPs)
             Began as a Minotaur Fighter on Mar 29, 2023.
             Was the Champion of Ru.
             Mangled by a rockslime (21 damage)
             ... created by the Royal Jelly
             ... on level 5 of the Pits of Slime.
             The game lasted 01:47:59 (32150 turns).

roninjake the Executioner (Minotaur Fighter)       Turns: 32150, Time: 01:47:59

HP:   -6/182 (184)  AC: 33    Str: 36    XL:     18   Next: 96%
MP:   1/17          EV:  8    Int: 10    God:    Ru [******]
Gold: 3028          SH: 18    Dex: 21    Spells: 17/17 levels left

rFire   + . .      SeeInvis +    I - +5 war axe "Jiriomim" {flame, rElec}
rCold   + . .      Faith    .    U - +2 kite shield {rF+}
rNeg    + . .      Spirit   .    z - +5 plate armour {rPois}
rPois   +          Reflect  .    r - +2 hat
rElec   +          Rampage  .    x - +2 cloak {Will+}
rCorr   +                        j - +2 pair of gloves
Will    +++++                    u - +2 pair of boots "Nity" {rN+ Str+4 SInv} Stlth
                                 H - amulet of Soedos {Regen+ Str+4 Int+5 Stlth-}
HPRegen 1.30/turn                t - ring "Gesei" {rC+ Will+ Str+4}
MPRegen 0.15/turn                d - ring of Huoheh {rElec Will+++ rCorr Dex+6 Stlth-}

@: exhausted, engulfed (cannot breathe), corroded, lightly drained
A: horns 2, no potion heal 1, no stealth, inability to use devices, hated by
all, inability to train dodging, no conjurations magic, no hexes magic, no ice
magic, retaliatory headbutt, mutation resistance 1
}: 1/15 runes: serpentine
a: Renounce Religion, Draw Out Power, Power Leap, Apocalypse


You were on level 5 of the Pits of Slime.
You worshipped Ru.
Ru was exalted by your worship.
You visited 7 branches of the dungeon, and saw 32 of its levels.
You also visited: Gauntlet.

You collected 4397 gold pieces.
You spent 1369 gold pieces at shops.

Inventory:

Hand Weapons
 D - a +2 eveningstar of distortion
 E - a +6 war axe of electrocution
 I - the +5 war axe "Jiriomim" (weapon) {flame, rElec}
   (You found it in a Gauntlet)

   rElec:     It insulates you from electricity.
 J - a +4 executioner's axe of venom
Missiles
 a - 2 throwing nets
Armour
 b - a +3 plate armour of fire resistance
 j - a +2 pair of gloves (worn)
 r - a +2 hat (worn)
 u - the +2 pair of boots "Nity" (worn) {rN+ Str+4 SInv}
   (You acquired it on level 6 of the Dungeon)

   Str:       It affects your strength (+4).
   rN:        It protects you from negative energy.
   SInv:      It lets you see invisible.
 x - a +2 cloak of willpower (worn)
 z - a +5 plate armour of poison resistance (worn)
 B - a +0 cloak
 U - a +2 kite shield of fire resistance (worn)
Jewellery
 c - the amulet of the Equinox {RegenMP Rampage Slay+2}
   (You found it on level 5 of the Lair of Beasts)

   [amulet of magic regeneration]

   It increases your rate of magic regeneration.
   Slay:      It affects your accuracy & damage with ranged weapons and melee
   (+2).
   Rampage:   It bestows one free step when moving towards enemies.
 d - the ring of Huoheh (right hand) {rElec Will+++ rCorr Dex+6 Stlth-}
   (You bought it in a shop on level 2 of the Orcish Mines)

   [ring of dexterity]

   Dex:       It affects your dexterity (+6).
   rElec:     It insulates you from electricity.
   rCorr:     It protects you from acid and corrosion.
   Will:      It greatly increases your willpower.
   Stlth:     It makes you less stealthy.
 g - a ring of positive energy
 i - the ring "Woric" {rC- Str+2 Int+6 Dex+2}
   (You found it on level 5 of the Lair of Beasts)

   [ring of intelligence]

   Str:       It affects your strength (+2).
   Int:       It affects your intelligence (+6).
   Dex:       It affects your dexterity (+2).
   rC:        It makes you vulnerable to cold.
 l - a ring of protection from fire
 m - a ring of magical power
 t - the ring "Gesei" (left hand) {rC+ Will+ Str+4}
   (You acquired it on level 1 of the Elven Halls)

   [ring of protection from cold]

   Str:       It affects your strength (+4).
   rC:        It protects you from cold.
   Will:      It increases your willpower.
 v - a +4 ring of protection
 y - a ring of resist corrosion
 C - a ring of fire
 F - a ring of see invisible
 H - the amulet of Soedos (around neck) {Regen+ Str+4 Int+5 Stlth-}
   (You found it in a Gauntlet)

   [amulet of regeneration]

   Str:       It affects your strength (+4).
   Int:       It affects your intelligence (+5).
   Regen:     It increases your rate of health regeneration.
   Stlth:     It makes you less stealthy.
 N - the ring of Hochest {Int+6 Dex+3}
   (You found it on level 3 of the Elven Halls)

   [ring of intelligence]

   Int:       It affects your intelligence (+6).
   Dex:       It affects your dexterity (+3).
 O - an amulet of reflection
 P - a +6 ring of dexterity
 W - a ring of fire
 X - the ring of Zikhleace {rN+ Int+6}
   (You took it off a deep elf pyromancer on level 3 of the Elven Halls)

   [ring of intelligence]

   Int:       It affects your intelligence (+6).
   rN:        It protects you from negative energy.
Scrolls
 e - 4 scrolls of enchant weapon
 h - 21 scrolls of identify
 q - a scroll of teleportation
 K - 3 scrolls of amnesia
 L - 2 scrolls of fear
 M - 2 scrolls of blinking
 R - 2 scrolls of butterflies
 S - 4 scrolls of poison
 T - 5 scrolls of magic mapping
Potions
 f - 7 potions of attraction
 k - 5 potions of haste
 n - 2 potions of invisibility
 o - a potion of brilliance
 p - 2 potions of berserk rage {unknown}
 s - 8 potions of mutation
 w - 16 potions of curing
 A - 2 potions of heal wounds
 G - 3 potions of magic
 Q - 3 potions of ambrosia
 V - a potion of resistance


   Skills:
 + Level 22.0 Fighting
 * Level 22.8 Axes
 - Level 20.0 Armour
 - Level 18.9 Shields


You had 17 spell levels left.
You didn't know any spells.
Your spell library contained the following spells:

 Spells                   Type           Power      Damage    Failure   Level
 Apportation              Tloc           0%         N/A       88%         1
 Necrotise                Necr           0%         1d4       88%         1
 Blink                    Tloc           0%         N/A       95%         2
 Cigotuvi's Dreadful Rot  Necr/Pois/Air  0%         N/A       95%         2
 Lesser Beckoning         Tloc           0%         N/A       95%         2
 Poisonous Vapours        Pois/Air       0%         N/A       95%         2
 Scorch                   Fire           0%         2d5       95%         2
 Gell's Gravitas          Tloc           0%         N/A       99%         3
 Kindle Blastsparks       Fire/Tloc/Air  0%         2d10      99%         3
 Spider Form              Tmut/Pois      0%         N/A       99%         3
 Teleport Other           Tloc           0%         N/A       99%         3
 Vampiric Draining        Necr           0%         2d6       99%         3
 Vhi's Electric Charge    Tloc/Air       0%         N/A       99%         3
 Manifold Assault         Tloc           0%         N/A       100%        4
 Agony                    Necr           0%         N/A       100%        5
 Lee's Rapid Deconstruct  Erth           0%         3d4*      100%        5
 Dispersal                Tloc           0%         N/A       100%        6
 Statue Form              Tmut/Erth      0%         N/A       100%        6
 Disjunction              Tloc           0%         N/A       100%        8
 Maxwell's Capacitive Co  Air            0%         ∞         100%        8
 Shock                    Conj/Air       Unusable   1d3       N/A         1
 Summon Small Mammal      Summ           Unusable   N/A       N/A         1
 Ensorcelled Hibernation  Hex/Ice        Unusable   N/A       N/A         2
 Momentum Strike          Conj/Tloc      Unusable   3d8       N/A         2
 Stone Arrow              Conj/Erth      Unusable   3d7       N/A         3
 Anguish                  Hex/Necr       Unusable   N/A       N/A         4
 Animate Armour           Summ/Erth      Unusable   N/A       N/A         4
 Flame Wave               Conj/Fire      Unusable   2d4       N/A         4
 Fulminant Prism          Conj/Hex       Unusable   3d5       N/A         4
 Iskenderun's Mystic Bla  Conj/Tloc      Unusable   2d3       N/A         4
 Leda's Liquefaction      Hex/Erth       Unusable   N/A       N/A         4
 Arcjolt                  Conj/Air       Unusable   1d10      N/A         5
 Yara's Violent Unravell  Hex/Tmut       Unusable   3d3       N/A         5
 Conjure Ball Lightning   Conj/Air       Unusable   3x3d6     N/A         6
 Summon Cactus Giant      Summ           Unusable   N/A       N/A         6
 Enfeeble                 Hex            Unusable   N/A       N/A         7
 Lehudib's Crystal Spear  Conj/Erth      Unusable   10d2      N/A         8
 Fire Storm               Conj/Fire      Unusable   5d1       N/A         9

Dungeon Overview and Level Annotations

Branches:
Dungeon (12/15)            Temple (1/1) D:4            Lair (5/5) D:9
  Swamp (0/4) Lair:3        Snake (4/4) Lair:2        Slime (5/5) Lair:5
    Orc (2/2) D:9             Elf (3/3) Orc:2       Gauntlet (visited)

Altars:
Ashenzari
Cheibriados
Dithmenos
Elyvilon
Gozag
Kikubaaqudgha
Makhleb
Nemelex Xobeh
Okawaru
Qazlal
Ru
Sif Muna
Trog
Uskayaw
Vehumet
Wu Jian
Xom
Zin
The Shining One
Lugonu

Shops:
D:3 :   D:4 *   D:6 [   Orc:2 [*(=   Elf:2 [

Portals:
Trove: Elf:3 (show slimy rune of Zot)


Innate Abilities, Weirdness & Mutations

You have a pair of horns on your head.
Potions are less effective at restoring your health.
You cannot be stealthy.
You cannot study or use magical devices.
You are hated by all.
You cannot train Dodging skill.
You cannot study or cast Conjurations magic.
You cannot study or cast Hexes magic.
You cannot study or cast Ice magic.
You reflexively headbutt those who attack you in melee.
You are somewhat resistant to further mutation.


Message History

You completely miss the rockslime.
Your lungs strain for air!
The quicksilver ooze is stunned by your conviction and fails to attack.
The acid blob hits you but does no damage.
You block the rockslime's attack.
You block the quicksilver ooze's attack.
The quicksilver ooze hits you but does no damage.
The quicksilver ooze hits you.
You focus your inner power and illuminate the quicksilver ooze in retribution!
The quicksilver ooze hits you.
The azure jelly is stunned by your conviction and fails to attack.
Your system partially rejects the healing.
You feel much better.
Your lungs strain for air!
You block the rockslime's attack.
The quicksilver ooze is stunned by your conviction and fails to attack.
You block the rockslime's attack. The rockslime hits you!!
* * * LOW HITPOINT WARNING * * *
You hold your ground!
You focus your inner power and illuminate the rockslime in retribution!
The rockslime attacks as you move away! You block the rockslime's attack.
* * * LOW HITPOINT WARNING * * *
Your lungs strain for air!
You focus your inner power and illuminate the quicksilver ooze in retribution!
The quicksilver ooze hits you.
The quicksilver ooze closely misses you.
The ooze engulfing you falls away.
You gasp with relief as air once again reaches your lungs.
The azure jelly jiggles.
The quicksilver ooze hits you. The quicksilver ooze engulfs you!
The quicksilver ooze hits you but does no damage.
You block the rockslime's attack.
The rockslime is stunned by your conviction and fails to attack.
The rockslime jiggles.
The rockslime hits you!!
* * * LOW HITPOINT WARNING * * *
You hold your ground!
The rockslime hits you but does no damage.
The rockslime attacks as you move away! The rockslime hits you!!
You die...

.........#
.........#
..........
.........#
.........#
......JJJ#
.....JJJJ##
.....JJJJ.##
......J@JJ.##
........J...##
.............####
...................
.<.................
...................
#..................
..................
##...............


You could see an acid blob, 5 azure jellies, 5 rockslimes and 4 quicksilver
oozes.

Vanquished Creatures
  the Royal Jelly (Slime:5)
  Vashnia (Snake:3)
  3 deep elf blademasters
  Asterion (Elf:1)
  A deep elf master archer (Elf:3)
  15 acid blobs
  Gastronok (D:10)
  The ghost of Nohucul the Severer, an adept MiBe of Trog (Snake:3)
  6 rockslimes
  5 nagarajas
  11 azure jellies
  7 deep elf sorcerers
  5 deep elf elementalists (Elf:3)
  3 orc warlords
  2 quicksilver oozes
  The ghost of jasper the Destroyer, a journeyman DsCj of Vehumet (Lair:4)
  The ghost of Raoppuanokh the Impaler, a journeyman MfBe of Trog (Lair:5)
  3 deep elf demonologists
  A minotaur (Gauntlet)
  3 deep elf annihilators (Elf:3)
  5 deep elf death magi
  Fannar (Lair:2)
  2 deep elf high priests (Elf:3)
  Harold (D:11)
  3 salamander tyrants (Snake:4)
  3 hydras
  7 anacondas
  A great orb of eyes (Slime:1)
  14 naga warriors
  3 boulder beetles
  2 two-headed ogres (D:11)
  24 dancing weapons
  5 orc high priests (Orc:2)
  6 shock serpents
  17 deep elf knights
  11 naga sharpshooters
  3 salamander mystics
  4 skysharks
  A glowing orange brain (Slime:4)
  10 sea snakes (Snake:3)
  13 deep elf archers
  A lindwurm (Lair:5)
  6 naga ritualists
  35 deep elf pyromancers
  4 orc knights
  10 mana vipers
  Pikel (D:4)
  26 deep elf zephyrmancers
  2 cyclopes
  6 orc sorcerers
  5 shining eyes
  9 salamanders
  14 naga magi
  2 eyes of devastation
  3 torpor snails
  9 guardian serpents
  13 elephants (Lair:5)
  32 black mambas
  A gargoyle (D:12)
  19 cane toads
  3 rime drakes
  3 kobold demonologists (D:11)
  An anaconda simulacrum (Snake:3)
  An ice devil (Gauntlet)
  9 komodo dragons
  A spectral mana viper (Snake:3)
  9 trolls
  A polar bear (Lair:2)
  2 tyrant leeches
  The ghost of cforsyth the Cudgeller, an amateur FoFi (D:3)
  A hornet (D:8)
  A queen bee (Gauntlet)
  14 blink frogs (Lair:5)
  A spectral guardian serpent (Snake:3)
  38 slime creatures
  A shock serpent simulacrum (Snake:3)
  A spectral black mamba (Snake:3)
  29 yaks
  2 wyverns
  2 wraiths
  4 shadows
  Grum (D:10)
  3 air elementals
  A salamander simulacrum (Snake:3)
  2 fire elementals
  6 golden eyes
  Eustachio (D:4)
  5 basilisks
  5 vampire mosquitoes (Lair:5)
  6 wargs
  27 nagas
  A mana viper simulacrum (Snake:3)
  11 water moccasins
  2 swamp worms (Gauntlet)
  29 orc warriors
  4 ice beasts
  A spectral naga (Snake:3)
  2 sky beasts
  4 black bears
  3 lemures (D:4)
  18 wolves
  9 centaurs
  6 ogres
  2 phantoms
  2 kobold brigands
  17 bullfrogs
  2 scorpions
  An earth elemental (Elf:3)
  2 gnoll sergeants
  7 necrophages (Lair:2)
  18 wights
  16 killer bees
  4 howler monkeys
  4 electric eels
  6 hounds
  2 jellies
  13 orc priests
  An iron imp (D:12)
  6 iguanas
  35 orc wizards
  A sleepcap (D:4)
  Ijyb (D:4)
  2 naga simulacra (Snake:3)
  13 gnolls
  5 adders
  2 shadow imps
  5 white imps
  3 worms
  81 orcs
  5 bats
  5 endoplasms
  2 giant cockroaches
  9 goblins
  5 hobgoblins
  6 jackals
  13 kobolds
  6 quokkas
  10 ball pythons
  4 frilled lizards
  6 rats
  2 plants (Elf:3)
1002 creatures vanquished.

Vanquished Creatures (others)
  A deep elf master archer (Elf:3)
  A deep elf elementalist (Elf:3)
  A deep elf high priest (Elf:3)
  A salamander tyrant (Snake:2)
  An anaconda (Snake:1)
  A naga warrior (Snake:4)
  A deep elf knight (Elf:3)
  A naga sharpshooter (Snake:4)
  A skyshark (Lair:5)
  2 deep elf archers (Elf:3)
  4 deep elf zephyrmancers
  A deep elf pyromancer (Elf:3)
  A cyclops (D:11)
  A salamander (Snake:3)
  2 black mambas
  A cane toad (Lair:1)
  A tyrant leech (Lair:5)
  A naga (Snake:4)
  An orc warrior (Orc:2)
  An orc (Orc:2)
  22 fungi
  101 plants
  2 withered plants (Gauntlet)
150 creatures vanquished.

Grand Total: 1152 creatures vanquished

Notes
Turn   | Place    | Note
-------+----------+-------------------------------------------
     0 | D:1      | roninjake the Minotaur Fighter began the quest for the Orb.
     0 | D:1      | Reached XP level 1. HP: 19/19 MP: 0/0
   127 | D:1      | Reached XP level 2. HP: 24/27 MP: 1/1
   471 | D:1      | Reached XP level 3. HP: 33/33 MP: 2/2
  1091 | D:2      | Reached XP level 4. HP: 36/41 MP: 3/3
  1379 | D:3      | Found a faded altar of an unknown god.
  1495 | D:3      | Found Foitusk's Book Boutique.
  1527 | D:3      | Reached skill level 5 in Axes
  1683 | D:3      | Found a runed translucent door.
  1685 | D:3      | Noticed cforsyth's ghost (amateur FoFi)
  1696 | D:3      | Killed cforsyth's ghost
  1697 | D:3      | Reached skill level 5 in Fighting
  1697 | D:3      | Reached XP level 5. HP: 48/48 MP: 4/4
  1697 | D:3      | Reached XP level 6. HP: 56/56 MP: 5/5
  2312 | D:4      | Found a staircase to the Ecumenical Temple.
  2330 | D:4      | Noticed Ijyb
  2333 | Temple   | Entered the Ecumenical Temple
  2507 | Temple   | Became a worshipper of Ru the Awakened
  2544 | D:4      | Killed Ijyb
  2576 | D:4      | Noticed Pikel
  2593 | D:4      | Killed Pikel
  2594 | D:4      | Reached XP level 7. HP: 13/64 MP: 6/6
  3034 | D:4      | Noticed Eustachio
  3055 | D:4      | Killed Eustachio
  3056 | D:4      | Reached XP level 8. HP: 67/71 MP: 7/7
  3058 | D:4      | Reached skill level 10 in Axes
  3295 | D:4      | Found Wuunuyd's Overcharged Wands.
  3551 | D:4      | Gained mutation: You occasionally lose the ability to drink
                  | potions when taking damage. [potion of mutation]
  3551 | D:4      | Gained mutation: Your magical capacity is low. (-10% MP)
                  | [potion of mutation]
  3551 | D:4      | Gained mutation: You are somewhat resistant to further
                  | mutation. [potion of mutation]
  3557 | D:5      | Entered Level 5 of the Dungeon
  4102 | D:5      | Gained mutation: You cannot train Dodging skill. [Ru
                  | sacrifice]
  4102 | D:5      | Reached * piety under Ru
  5116 | D:6      | Reached XP level 9. HP: 81/81 MP: 7/7
  5528 | D:6      | Found a white marble altar of Elyvilon.
  5660 | D:6      | Identified a scroll of acquirement
  5660 | D:6      | Acquired the +2 pair of boots "Nity" {rN+ Str+4 SInv}
  5881 | D:6      | Found Idatzel's Antique Armour Emporium.
  6355 | D:7      | Identified the +7 leather armour of Pathos {Contam Str+5
                  | SInv Stlth+}
  6501 | D:7      | Lost mutation: Your magical capacity is low. (-10% MP)
                  | [potion of mutation]
  6501 | D:7      | Lost mutation: You occasionally lose the ability to drink
                  | potions when taking damage. [potion of mutation]
  6571 | D:7      | Gained mutation: You are hated by all. [Ru sacrifice]
  6571 | D:7      | Reached ** piety under Ru
  6571 | D:7      | Reached *** piety under Ru
  7143 | D:7      | Reached skill level 10 in Fighting
  7379 | D:7      | Acquired 900 gold pieces
  7506 | D:8      | Reached XP level 10. HP: 93/93 MP: 9/9
  7765 | D:8      | Reached skill level 15 in Axes
  8976 | D:9      | Found a staircase to the Orcish Mines.
  9053 | D:9      | Gained mutation: You cannot study or cast Ice magic. [Ru
                  | sacrifice]
  9053 | D:9      | Gained mutation: You cannot study or cast Hexes magic. [Ru
                  | sacrifice]
  9053 | D:9      | Gained mutation: You cannot study or cast Conjurations
                  | magic. [Ru sacrifice]
  9053 | D:9      | Reached **** piety under Ru
  9355 | D:9      | Found a staircase to the Lair.
  9564 | D:10     | Entered Level 10 of the Dungeon
  9765 | D:10     | Noticed Grum
  9775 | D:10     | Killed Grum
  9847 | D:10     | Reached skill level 5 in Armour
  9933 | D:10     | Noticed Gastronok
  9951 | D:10     | Killed Gastronok
  9952 | D:10     | Reached XP level 11. HP: 77/102 MP: 10/10
 10130 | D:10     | Found a bloodstained altar of Trog.
 10593 | D:11     | Found a gate leading to a gauntlet.
 10598 | Gauntlet | Entered a Gauntlet
 10598 | Gauntlet | Found a transporter.
 10615 | Gauntlet | Found a transporter.
 10627 | Gauntlet | Found a transporter.
 10635 | Gauntlet | Found a transporter.
 10653 | Gauntlet | Found a transporter.
 10673 | Gauntlet | Found a transporter.
 10685 | Gauntlet | Found a transporter.
 10694 | Gauntlet | Noticed a wretched star
 10697 | Gauntlet | Found a transporter.
 10709 | Gauntlet | Found a transporter.
 10719 | Gauntlet | Noticed a blizzard demon
 10721 | Gauntlet | Found a transporter.
 10739 | Gauntlet | Found a transporter.
 10760 | Gauntlet | Found a transporter.
 10762 | Gauntlet | Found a transporter.
 10763 | Gauntlet | Noticed a necromancer
 10854 | Gauntlet | Found a transporter.
 10865 | Gauntlet | Found a transporter.
 10867 | Gauntlet | Found a transporter.
 10873 | Gauntlet | Found a transporter.
 10877 | Gauntlet | Found a transporter.
 11174 | Gauntlet | Identified the amulet of Soedos {Regen+ Str+4 Int+5 Stlth-}
 11200 | Gauntlet | Identified the +3 ring mail of Context {rElec rF+ Will+
                  | Dex-3}
 11200 | Gauntlet | Noticed a minotaur
 11210 | Gauntlet | Killed a minotaur
 11252 | Gauntlet | Identified the +5 war axe "Jiriomim" {flame, rElec}
 11297 | D:11     | Found a corrupted altar of Lugonu.
 11311 | D:11     | Noticed a sun demon
 11356 | D:11     | Noticed a two-headed ogre
 11362 | D:11     | Killed a two-headed ogre
 11409 | D:11     | Gained mutation: Potions are less effective at restoring
                  | your health. [Ru sacrifice]
 11422 | D:11     | Noticed Harold
 11432 | D:11     | Killed Harold
 11457 | D:11     | Noticed a two-headed ogre
 11462 | D:11     | Killed a two-headed ogre
 11590 | D:11     | Reached XP level 12. HP: 100/118 MP: 11/11
 11621 | D:11     | Noticed a boulder beetle
 11641 | D:11     | Killed a boulder beetle
 11671 | D:11     | Noticed a boulder beetle
 11690 | D:11     | Killed a boulder beetle
 11864 | D:12     | Reached skill level 15 in Fighting
 12032 | D:12     | Noticed a boulder beetle
 12048 | D:12     | Killed a boulder beetle
 12373 | D:12     | Reached skill level 10 in Armour
 12587 | D:12     | Found a snail-covered altar of Cheibriados.
 13198 | Orc:1    | Entered Level 1 of the Orcish Mines
 13246 | Orc:1    | Noticed an orc warlord
 13269 | D:9      | Killed an orc warlord
 13422 | Orc:1    | Gained mutation: You cannot study or use magical devices.
                  | [Ru sacrifice]
 13422 | Orc:1    | Reached ***** piety under Ru
 13707 | Orc:2    | Entered Level 2 of the Orcish Mines
 13772 | Orc:2    | Noticed an orc high priest
 13775 | Orc:2    | Noticed an orc high priest
 13795 | Orc:2    | Noticed an orc warlord
 13863 | Orc:2    | Killed an orc high priest
 13867 | Orc:2    | Killed an orc warlord
 13877 | Orc:2    | Noticed an orc warlord
 13878 | Orc:2    | Reached XP level 13. HP: 121/134 MP: 4/12
 13942 | Orc:2    | Killed an orc warlord
 14116 | Orc:2    | Found a staircase to the Elven Halls.
 14338 | Orc:2    | Found Batoenn's General Store.
 14339 | Orc:2    | Found Xoceoski's Jewellery Emporium.
 14341 | Orc:2    | Found Kym Sey's Antique Armour Shoppe.
 14341 | Orc:2    | Found Ikeim's Antique Weapon Shoppe.
 14366 | Orc:2    | Bought the ring of Huoheh {rElec Will+++ rCorr Dex+6
                  | Stlth-} for 1068 gold pieces
 14839 | Lair:1   | Entered Level 1 of the Lair of Beasts
 14893 | Lair:1   | Gained mutation: You cannot be stealthy. [Ru sacrifice]
 14893 | Lair:1   | Reached ****** piety under Ru
 15057 | Lair:1   | Found a stormy altar of Qazlal.
 15485 | Lair:2   | Reached skill level 5 in Shields
 15800 | Lair:2   | Noticed Fannar
 15812 | Lair:2   | Killed Fannar
 15876 | Lair:2   | Found a staircase to the Snake Pit.
 16218 | Snake:1  | Entered Level 1 of the Snake Pit
 16522 | Snake:1  | You fall into a shaft and drop 1 floor!
 16544 | Snake:2  | Noticed a nagaraja
 16556 | Snake:2  | Killed a nagaraja
 16694 | Snake:2  | Reached XP level 14. HP: 134/144 MP: 13/13
 16773 | Snake:2  | Found a burning altar of Makhleb.
 17042 | Snake:2  | Got Sif Muna's Incunabulum of the Missiles and the Sky
 17402 | Snake:2  | Reached skill level 15 in Armour
 18088 | Snake:1  | Reached skill level 10 in Shields
 18884 | Snake:3  | Noticed Vashnia
 18906 | Snake:3  | HP: 6/125 [naga sharpshooter/arrow[Vashnia] (5)]
 18907 | Snake:3  | Killed Vashnia
 18908 | Snake:3  | Reached XP level 15. HP: 5/141 MP: 6/14
 19404 | Snake:3  | Found a runed translucent gate.
 19404 | Snake:3  | Found a runed translucent gate.
 19404 | Snake:3  | Found a runed translucent gate.
 19409 | Snake:3  | Noticed Nohucul's ghost (adept MiBe)
 19419 | Snake:3  | Killed Nohucul's ghost
 19779 | Snake:4  | Entered Level 4 of the Snake Pit
 20611 | Snake:4  | Noticed a nagaraja
 20619 | Snake:4  | Killed a nagaraja
 20711 | Snake:4  | Noticed a nagaraja
 20717 | Snake:4  | Reached skill level 15 in Shields
 20726 | Snake:4  | Killed a nagaraja
 20734 | Snake:4  | Noticed a nagaraja
 21074 | Snake:4  | Killed a nagaraja
 21467 | Snake:4  | Noticed a nagaraja
 21483 | Snake:4  | Killed a nagaraja
 21489 | Snake:4  | Reached XP level 16. HP: 24/155 MP: 9/15
 21631 | Snake:4  | Got a serpentine rune of Zot
 22253 | Lair:3   | Found a staircase to the Swamp.
 23026 | Lair:4   | Found a runed translucent gate.
 23027 | Lair:4   | Found a runed translucent gate.
 23030 | Lair:4   | Noticed an acid blob
 23030 | Lair:4   | Noticed an acid blob
 23031 | Lair:4   | Found a runed translucent gate.
 23031 | Lair:4   | Noticed an acid blob
 23031 | Lair:4   | Noticed jasper's ghost (journeyman DsCj)
 23031 | Lair:4   | Noticed an acid blob
 23055 | Lair:4   | Killed an acid blob
 23057 | Lair:4   | Killed an acid blob
 23058 | Lair:4   | Killed an acid blob
 23058 | Lair:4   | Killed an acid blob
 23063 | Lair:4   | Killed jasper's ghost
 23458 | Lair:5   | Entered Level 5 of the Lair of Beasts
 23841 | Lair:5   | Identified the amulet of the Equinox {RegenMP Rampage
                  | Slay+2}
 23846 | Lair:5   | Identified the ring "Woric" {rC- Str+2 Int+6 Dex+2}
 23849 | Lair:5   | Identified the +9 falchion of the Tomato {chaos, rF+ Str+4}
 24089 | Lair:5   | Found a staircase to the Slime Pits.
 24270 | Lair:5   | Found a runed translucent door.
 24271 | Lair:5   | Noticed Raoppuanokh's ghost (journeyman MfBe)
 24405 | Lair:5   | Killed Raoppuanokh's ghost
 24656 | Elf:1    | Entered Level 1 of the Elven Halls
 24756 | Elf:1    | Noticed Asterion
 24851 | Elf:1    | Paralysed by an air elemental for 1 turns
 25190 | Elf:1    | Reached XP level 17. HP: 127/141 MP: 7/16
 25211 | Elf:1    | Killed Asterion
 25451 | Elf:1    | Acquired the ring "Gesei" {rC+ Will+ Str+4}
 25895 | Elf:2    | Found Wetush's Armour Boutique.
 26033 | Elf:2    | Paralysed by an air elemental for 1 turns
 26135 | Elf:2    | Bought a +2 cloak of willpower for 301 gold pieces
 26436 | Elf:2    | Found a runed translucent gate.
 26436 | Elf:2    | Found a runed translucent gate.
 26436 | Elf:2    | Found a runed translucent gate.
 26664 | Elf:2    | Noticed a deep elf blademaster
 26683 | Elf:2    | Killed a deep elf blademaster
 27139 | Elf:3    | Entered Level 3 of the Elven Halls
 27389 | Elf:3    | Identified the +3 robe "Sucagim" {rC+}
 27601 | Elf:3    | Paralysed by an air elemental for 1 turns
 27942 | Elf:3    | Found a portal to a secret trove of treasure.
 28468 | Elf:3    | Noticed a deep elf blademaster
 28469 | Elf:3    | Noticed a deep elf blademaster
 28472 | Elf:3    | Reached XP level 18. HP: 155/175 MP: 8/17
 29042 | Elf:3    | Identified the ring of Zikhleace {rN+ Int+6}
 29043 | Elf:3    | Identified the staff of air "Zygin" {rElec rN+}
 29049 | Elf:3    | Identified the ring of Hochest {Int+6 Dex+3}
 29317 | Elf:3    | Identified the staff of fire "Zuin" {rF+ Int+3}
 29322 | Elf:3    | Identified the +1 sling of the Last Heavens {drain, rElec
                  | Str+3}
 29805 | Slime:1  | Entered Level 1 of the Pits of Slime
 32064 | Slime:5  | Entered Level 5 of the Pits of Slime
 32135 | Slime:5  | Noticed the Royal Jelly
 32146 | Slime:5  | Killed the Royal Jelly
 32150 | Slime:5  | Mangled by a rockslime

Illustrated notes

Levels and vault maps discovered:
D:1:      pf_arrival_petrified_forest, layout_basic, serial_glass,
          glass_columns_a, glass_columns_b
D:2:      layout_rooms, dk_noncrumbling_4
D:3:      layout_loops_corners, serial_shops, nicolae_shop_hallway_plus,
          hellmonk_ecumenical_altar_lost_god, ebering_ghost_inner_flame
D:4:      layout_loops_ring, minmay_temple_entry_slanted,
          nicolae_shop_overcharged_wands, uniq_eustachio, uniq_ijyb, uniq_pikel
D:5:      layout_loops_corners, serial_bayou_lake_a
D:6:      layout_gridville, nicolae_elyvilon_temple_path, serial_shops, shop
D:7:      layout_basic, minmay_misc_feat_diagonals
D:8:      layout_layer_cave
D:9:      nicolae_cairo_tiling_very_big, layout_cave_pools, orc_0_dummy,
          grunt_ministairs_4
D:10:     layout_irregular_city, old_standard_altar, serial_park_tiny_1,
          uniq_gastronok, uniq_grum
D:11:     kennysheep_kobold_lugonu_temple, layout_basic, gauntlet_entry_generic,
          uniq_harold
D:12:     layout_layer_cave, slow_altar_2
Temple:   nicolae_temple_slightly_damp_pantheon
Lair:1:   layout_chaotic_city, basic_altar
Lair:2:   layout_gridlike, guppyfry_snake_entry_island, roderic_carrion_pond,
          uniq_fannar
Lair:3:   layout_cave_shapes, swamp_mist
Lair:4:   layout_gridlike, serial_bayou, serial_bayou_pond_e,
          serial_bayou_ford_a, serial_bayou_pond_c, serial_bayou_lagoon_a,
          gammafunk_ghost_ooze
Lair:5:   minmay_lair_end_frog_pond, layout_gridlike, slime_entry_1,
          ebering_ghost_reflecting_pool
Snake:1:  layout_rooms
Snake:2:  layout_basic, basic_altar, nrook_guardian_serpent_ordinary,
          grunt_megastairs_5
Snake:3:  minmay_snake_river, layout_onion, gammafunk_ghost_necromancy,
          uniq_vashnia
Snake:4:  grunt_snake_rune_serpentine_throne, layout_gridlike
Slime:1:  layout_caves
Slime:2:  layout_caves
Slime:3:  layout_caves, cheibrodos_slime_lost_civilization_5, uniq_dissolution
Slime:4:  cheibrodos_slime_lost_civilization_9, layout_caves
Slime:5
Orc:1:    layout_diamond_mine, basic_altar
Orc:2:    st_orc_congregation, layout_diamond_mine, basic_altar, mines2_david
Elf:1:    minmay_elf_arrival_summoners, layout_loops_cross,
          hangedman_corner_corridor, minivault_11, uniq_asterion
Elf:2:    elven_hall_of_blades_hangedman_original [mumra_blade_entry_dagger],
          layout_gridlike, serial_shops, shop, guppyfry_elf_garden
Elf:3:    elf_hall, layout_geoelf_castle, enter_trove_0

Skill      XL: |  1  2  3  4  5  6  7  8  9 10 11 12 13 14 15 16 17 18 |
---------------+-------------------------------------------------------+-----
Axes           | 3 4 6 9 12 14 16 17 20 22 | 22.8
Fighting       | 4 5 6 8 10 11 14 17 18 19 20 22 | 22.0
Armour         | 6 9 11 13 16 18 20 | 20.0
Shields        | 7 12 16 18 | 18.9

Action                     |  1- 3 |  4- 6 |  7- 9 | 10-12 | 13-15 | 16-18 || total
---------------------------+-------+-------+-------+-------+-------+-------++-------
  Melee: War axe           |    69 |    86 |   253 |   372 |   591 |   861 ||  2232
         Headbutt          |     6 |     8 |    57 |    92 |   146 |   217 ||   526
 Invoke: Sacrifice Nimblen |       |       |     1 |       |       |       ||     1
         Sacrifice Love    |       |       |     1 |       |       |       ||     1
         Sacrifice Arcana  |       |       |       |     1 |       |       ||     1
         Sacrifice Purity  |       |       |       |     1 |       |       ||     1
         Apocalypse        |       |       |       |     2 |     9 |     9 ||    20
         Sacrifice Artific |       |       |       |     1 |       |       ||     1
         Sacrifice Stealth |       |       |       |       |     1 |       ||     1
  Evoke: Wand              |       |     1 |       |       |       |       ||     1
    Use: Potion            |     2 |     2 |     2 |     2 |     7 |     3 ||    18
         Scroll            |     1 |     4 |    14 |     7 |     6 |     5 ||    37
   Stab: Invisible         |       |     1 |       |       |    11 |       ||    12
         Distracted        |       |       |     1 |     1 |     3 |     6 ||    11
         Sleeping          |       |       |       |     5 |       |       ||     5
         Paralysed         |       |       |       |     7 |    17 |    20 ||    44
 Armour: Scale mail        |     5 |       |       |       |       |       ||     5
         Chain mail        |    48 |    53 |    76 |       |       |       ||   177
         Leather armour    |       |       |    35 |   244 |    25 |       ||   304
         Plate armour      |       |       |       |       |   300 |   458 ||   758
  Dodge: Dodged            |    26 |    39 |    71 |   181 |   124 |   164 ||   605
  Block: Buckler           |    15 |    21 |    45 |    96 |    15 |       ||   192
         Kite shield       |       |       |       |       |   330 |   651 ||   981

Table legend: (Time is in decaauts)
 A = Elapsed time spent in this place.
 B = Non-inter-level travel time spent in this place.
 C = Inter-level travel time spent in this place.
 D = Time resting spent in this place.
 E = Time spent auto-exploring this place.
 F = Levels seen in this place.
 G = Mean time per level.
                   A        B        C        D        E       F      G
               +--------+--------+--------+--------+--------+-----+--------+
         Total |  31921 |  30560 |   1361 |   5331 |  15352 |  33 |  967.3 |
       Dungeon |  12557 |  11958 |    599 |   1614 |   7879 |  12 | 1046.4 |
        Temple |    202 |    202 |      0 |      0 |    147 |   1 |  202.0 |
          Lair |   4324 |   3926 |    398 |    131 |   2776 |   5 |  864.8 |
     Snake Pit |   5511 |   5361 |    150 |   1460 |   1792 |   4 | 1377.8 |
    Slime Pits |   2295 |   2276 |     19 |    333 |   1059 |   5 |  459.0 |
  Orcish Mines |   1539 |   1464 |     75 |    308 |    561 |   2 |  769.5 |
   Elven Halls |   4837 |   4720 |    117 |   1329 |   1137 |   3 | 1612.3 |
      Gauntlet |    653 |    653 |      0 |    156 |      0 |   1 |  653.0 |
               +--------+--------+--------+--------+--------+-----+--------+

Top non-repeatable levels by time:
   Elf:3: 2354 daAuts
 Snake:4: 1939 daAuts
 Snake:3: 1627 daAuts
     D:5: 1557 daAuts
     D:7: 1422 daAuts
    D:12: 1360 daAuts
 Snake:2: 1356 daAuts
     D:8: 1338 daAuts
   Elf:2: 1303 daAuts
   Elf:1: 1179 daAuts
  Lair:5: 1068 daAuts
     D:4: 1056 daAuts
    D:10: 1020 daAuts
 Slime:4: 1001 daAuts
     D:3: 1001 daAuts
